 Dungeon Crawl Stone Soup version 0.27.0-1-g7a089689b8 (webtiles) character file.

Game seed: 9085901414737808668

136 Sobieck the Magician (level 5, -4/35 HPs)
             Began as a Djinni Fire Elementalist on Aug 7, 2021.
             Slain by a crimson imp (5 damage)
             ... on level 2 of the Dungeon.
             The game lasted 00:05:17 (3566 turns).

Sobieck the Magician (Djinni Fire Elementalist)     Turns: 3566, Time: 00:05:17

Health: -4/35      AC:  6    Str:  7    XL:     5   Next: 43%
Gold:   116        EV: 12    Int: 17    God:
                   SH:  0    Dex: 14

rFire    + + .     SeeInvis .   r - +0 falchion (holy) {long}
rCold    . . .     Faith    .   (no shield)
rNeg     . . .     Spirit   .   a - +0 robe
rPois    ∞         Reflect  .   (no helmet)
rElec    .         Harm     .   (no cloak)
rCorr    .         Rampage  .   (no gloves)
Will     .....                  (boots unavailable)
Stlth    ++........             (no amulet)
HPRegen  0.11/turn              o - +4 ring of protection
MPRegen  0.00/turn              u - ring of protection from cold

@: flying, hasted, very quick
A: sickness immunity, fire resistance 2, cold vulnerability 1, float, innate
caster, hp casting, extra vitality 1
a: no special abilities


You were on level 2 of the Dungeon.
You visited 1 branch of the dungeon, and saw 3 of its levels.

You collected 116 gold pieces.


Innate Abilities, Weirdness & Mutations

You are immune to sickness and miasma.
You are immune to poison.
Your flesh is very heat resistant. (rF++)
You are vulnerable to cold. (rC-)
You float through the air rather than walking.
You learn spells naturally, not from books.
Your magical power is your life essence.
You have superior vitality. (+4 HP)


   Skills:
 - Level 2.1 Dodging
 - Level 1.5 Stealth
 + Level 4.4 Spellcasting


You couldn't memorise any spells.
You knew the following spells:

 Your Spells              Type           Power      Damage    Failure   Level
a - Foxfire               Conj/Fire      72%        2x1d7     2%          1
b - Conjure Flame         Conj/Fire      18%        6-21      8%          3
c - Inner Flame           Hex/Fire       18%        N/A       8%          3
d - Sticky Flame          Conj/Fire      18%        2d4       24%         4
e - Fireball              Conj/Fire      9%         3d6       56%         5
f - Corona                Hex            20%        N/A       2%          1
g - Poisonous Vapours     Pois/Air       36%        N/A       3%          2
Your spell library was empty.

Inventory:

Hand Weapons
 b - a +0 dagger {short}
   (You took it off a goblin on level 1 of the Dungeon)
 c - a +0 club {mace}
   (You took it off a goblin on level 1 of the Dungeon)
 d - a +0 hunting sling {sling}
   (You found it on level 1 of the Dungeon)
 g - a +0 spear {polearm}
   (You found it on level 1 of the Dungeon)
 h - a +0 rapier {short}
   (You found it on level 1 of the Dungeon)
 i - a +0 dagger {short}
   (You took it off a kobold on level 1 of the Dungeon)
 k - a +0 whip {mace}
   (You took it off a kobold on level 2 of the Dungeon)
 l - a +0 dagger {short}
   (You found it on level 2 of the Dungeon)
 r - a +0 falchion of holy wrath (weapon) {long}
   (You found it on level 2 of the Dungeon)
Missiles
 e - 28 bolts
 m - 44 stones {throwing}
 t - 2 boomerangs {throwing}
Armour
 a - a +0 robe (worn)
Jewellery
 o - a +4 ring of protection (left hand)
   (You found it on level 2 of the Dungeon)
 u - a ring of protection from cold (right hand)
   (You found it on level 3 of the Dungeon)
 v - an amulet of faith {!P}
   (You found it on level 3 of the Dungeon)
Scrolls
 f - 2 scrolls of identify {unknown}
 j - 2 scrolls of fog {unknown}
 n - a scroll of teleportation {unknown}
 q - a scroll of enchant armour {unknown}
 s - a scroll of torment {unknown}
Potions
 p - a potion of flight {unknown}
 w - a potion of curing {unknown}

Dungeon Overview and Level Annotations

Branches:
Dungeon (3/15)

Altars:
Nemelex Xobeh
Xom

Shops:
D:3

( ...≈≈†.≈≈....≈≈........#
#.##### ##≈.≈≈..≈..≈.≈.........#
#...... ##..≈≈≈≈≈≈≈≈≈≈≈....##..#
#...... ....≈≈≈≈≈≈≈≈≈≈.....##..#
#......
#..≈≈≈≈≈≈≈≈≈≈≈...##....####......
#..≈≈≈≈...≈≈≈≈≈..##..............
#.≈.≈≈≈≈_.≈≈≈.......###..........
#...≈≈≈≈..≈≈≈≈≈)5##..............
#..≈≈≈≈≈≈≈≈≈≈≈.#@.+.........###..
#..≈≈≈≈≈≈≈≈≈≈≈≈#.##.).......# ###
#.≈.≈≈≈≈≈≈≈≈≈≈≈...#......##.#
#...≈..≈≈...≈.≈...#......##.#
#...≈...≈..≈................#
#.#.#######.......#......####
#.#.# #.......######## ..#.#
#.......# ..#.#### #.......#


You could see a crimson imp.


Message History

The crimson imp blinks! x3
The crimson imp blinks!
The crimson imp misses you.
You riposte.
You hit the crimson imp.
The crimson imp convulses.
The crimson imp blinks!
The crimson imp blinks!
The crimson imp blinks!
The crimson imp hits you with a +1 dagger of chaos.
The crimson imp freezes you.
* * * LOW HITPOINT WARNING * * *
The crimson imp completely misses you.
You riposte.
You hit the crimson imp.
The crimson imp convulses.
The crimson imp shouts, "Get thee gone, thou feeble sheep-biting tiddler!"
The crimson imp blinks!
The crimson imp blinks!
You feel yourself speed up.
The crimson imp sputters.
The crimson imp hits you but does no damage.
The crimson imp blinks!
You barely miss the crimson imp.
The crimson imp shouts, "Flee, thou unhinged beef-witted crab-lanthorn!"
The crimson imp closely misses you. The crimson imp completely misses you.
You riposte.
You hit the crimson imp but do no damage.
The crimson imp misses you.
You barely miss the crimson imp. The crimson imp misses you.
The crimson imp closely misses you.
You riposte.
You hit the crimson imp.
The crimson imp convulses.
The crimson imp misses you.
You closely miss the crimson imp.
The crimson imp blinks!
The crimson imp hits you but does no damage.
The crimson imp misses you.
The crimson imp blinks!
You barely miss the crimson imp. The crimson imp barely misses you.
The crimson imp misses you.
You riposte.
You hit the crimson imp.
The crimson imp convulses.
The crimson imp grins evilly.
The crimson imp closely misses you.
You riposte.
You closely miss the crimson imp. You hit the crimson imp.
The crimson imp convulses.
The crimson imp hits you but does no damage. x2
You hit the crimson imp.
The crimson imp convulses.
The crimson imp misses you.
You riposte.
You closely miss the crimson imp. The crimson imp closely misses you.
The crimson imp misses you.
You hit the crimson imp.
You kill the crimson imp!
The crimson imp closely misses you.
The crimson imp blinks!
You feel a little less agile now.
The crimson imp blinks!
The crimson imp throws a stone.
The stone barely misses you. The crimson imp closely misses you.
You riposte.
You hit the crimson imp but do no damage.
You closely miss the crimson imp.
The crimson imp throws a stone.
The stone closely misses you.
The crimson imp blinks!
You hit the crimson imp but do no damage.
The crimson imp blinks!
The crimson imp closely misses you. The crimson imp closely misses you.
There is a stone staircase leading up here.
The crimson imp hits you but does no damage.
You fly upwards.
There is a stone staircase leading down here.
Unknown command.
You hit the crimson imp but do no damage.
The crimson imp hits you with a +1 dagger of chaos.
You closely miss the crimson imp. The crimson imp closely misses you.
The crimson imp barely misses you.
You riposte.
You hit the crimson imp but do no damage.
You hit the crimson imp.
The crimson imp convulses.
The crimson imp hits you with a +1 dagger of chaos.
You feel yourself speed up.
You closely miss the crimson imp.
The crimson imp hits you with a +1 dagger of chaos.
* * * LOW HITPOINT WARNING * * *
You miss the crimson imp.
The crimson imp sputters.
The crimson imp hits you but does no damage.
You closely miss the crimson imp.
The crimson imp hits you with a +1 dagger of chaos.
* * * LOW HITPOINT WARNING * * *
You hit the crimson imp.
The crimson imp convulses.
The crimson imp hits you but does no damage.
Unknown command.
You miss the crimson imp. You closely miss the crimson imp.
The crimson imp blinks!
You barely miss the crimson imp.
The crimson imp hits you with a +1 dagger of chaos.
* * * LOW HITPOINT WARNING * * *
The crimson imp freezes you.
* * * LOW HITPOINT WARNING * * *
Unknown command.
You closely miss the crimson imp. The crimson imp closely misses you.
You riposte.
You barely miss the crimson imp.
Unknown command.
Okay, then.
You closely miss the crimson imp.
The crimson imp shouts, "Bolt, thou fobbing half-faced flirt-gill!"
The crimson imp hits you with a +1 dagger of chaos.
* * * LOW HITPOINT WARNING * * *
The crimson imp freezes you.
* * * LOW HITPOINT WARNING * * *
You miss the crimson imp.
The crimson imp hits you with a +1 dagger of chaos.
You die...

Skill      XL: |  1  2  3  4 |
---------------+-------------+-----
Spellcasting   | 3 4 |  4.4
Dodging        | |  2.1
Stealth        | |  1.5

Action                   |  1- 3 |  4- 6 || total
-------------------------+-------+-------++-------
Melee: Falchion          |       |    28 ||    28
 Cast: Foxfire           |    86 |    71 ||   157
       Sticky Flame      |       |     1 ||     1
Armor: Robe              |     9 |    14 ||    23
Dodge: Dodged            |    18 |    34 ||    52
       Rpst.: Falchion   |       |    13 ||    13

Levels and vault maps discovered:
D:1:      psy_arrival_statuary, layout_basic, minmay_misc_feat_four_crosses,
          grunt_decor_one_mirror
D:2:      layout_basic, chequers_ecumenical_altar_island, minmay_tetromino_o2
D:3:      layout_loops_ring, mainiacjoe_overflow_six_doors_small, led_xom_imps,
          serial_shops, shop

Notes
Turn   | Place    | Note
-------+----------+-------------------------------------------
     0 | D:1      | Sobieck the Djinni Fire Elementalist began the quest for
                  | the Orb.
     0 | D:1      | Reached XP level 1. HP: 15/15 MP: 0/0
   386 | D:1      | Reached XP level 2. HP: 17/21 MP: 0/0
   806 | D:1      | Reached skill level 3 in Spellcasting
  1336 | D:1      | Reached XP level 3. HP: 23/25 MP: 0/0
  1336 | D:1      | Learned a level 1 spell: Corona
  2167 | D:2      | Reached XP level 4. HP: 25/31 MP: 0/0
  2759 | D:2      | Found a faded altar of an unknown god.
  2834 | D:2      | Reached skill level 4 in Spellcasting
  2981 | D:3      | Found a sparkling altar of Nemelex Xobeh.
  2999 | D:3      | Reached XP level 5. HP: 25/35 MP: 0/0
  2999 | D:3      | Learned a level 2 spell: Poisonous Vapours
  3090 | D:3      | Found Lagguedo's Weapon Emporium.
  3496 | D:3      | Found a shimmering altar of Xom.
  3563 | D:2      | HP: 7/35 [crimson imp (5)]
  3565 | D:2      | HP: 2/35 [crimson imp (3)]
  3566 | D:2      | Slain by a crimson imp

Vanquished Creatures
  A crimson imp (D:3)
  3 adders (D:2)
  An ufetubus (D:2)
  A worm (D:2)
  A dart slug (D:1)
  5 orcs (D:3)
  3 giant cockroaches
  3 goblins
  3 hobgoblins
  11 jackals (D:2)
  4 quokkas
  5 ball pythons
  7 bats
  3 frilled lizards
  3 kobolds
  4 rats
58 creatures vanquished.

Vanquished Creatures (others)
  253 foxfires
253 creatures vanquished.

Grand Total: 311 creatures vanquished

Table legend:
 A = Non-vault XP
 B = Vault XP
 C = Vault XP percentage of total XP
 D = Non-vault monster count
 E = Vault monster count
 F = Vault count percentage of total count
                 A         B        C        D         E       F
            +---------+---------+-------+---------+---------+-------
      Total |     135 |      60 |  30.8 |      55 |       3 |   5.2
            +---------+---------+-------+---------+---------+-------
        D:1 |      31 |       0 |   0.0 |      20 |       0 |   0.0
        D:2 |      84 |      10 |  10.6 |      26 |       2 |   7.1
        D:3 |      20 |      50 |  71.4 |       9 |       1 |  10.0
            +---------+---------+-------+---------+---------+-------

Illustrated notes

Table legend:
 A = Kills in this place as a percentage of kills in entire the game.
 B = Kills by you in this place as a percentage of kills by you in the entire game.
 C = Kills by friends in this place as a percentage of kills by friends in the entire game.
 D = Other kills in this place as a percentage of other kills in the entire game.
 E = Experience gained in this place as a percentage of experience gained in the entire game.
 F = Experience gained in this place divided by the number of levels of this place that you have seen.
                   A       B       C       D       E      F
               +-------+-------+-------+-------+-------+----------------------
         Total | 100.0 | 100.0 |   N/A |   N/A | 100.0 |  65.0
       Dungeon | 100.0 | 100.0 |   N/A |   N/A | 100.0 |  65.0
               +-------+-------+-------+-------+-------+----------------------

Table legend: (Time is in decaauts)
 A = Elapsed time spent in this place.
 B = Non-inter-level travel time spent in this place.
 C = Inter-level travel time spent in this place.
 D = Time resting spent in this place.
 E = Time spent auto-exploring this place.
 F = Levels seen in this place.
 G = Mean time per level.
                   A        B        C        D        E       F      G
               +--------+--------+--------+--------+--------+-----+--------+
         Total |   3575 |   3549 |     26 |    112 |   3056 |   3 | 1191.7 |
       Dungeon |   3575 |   3549 |     26 |    112 |   3056 |   3 | 1191.7 |
               +--------+--------+--------+--------+--------+-----+--------+

Top non-repeatable levels by time:
     D:1: 1591 daAuts
     D:2: 1387 daAuts
     D:3: 596 daAuts
